 Dungeon Crawl Stone Soup version 0.18.1-48-g4cf74bf (webtiles) character file.

54 tyrion the Magician (level 3, -2/31 HPs)
             Began as a Naga Wizard on Aug 19, 2016.
             Killed from afar by Ijyb (17 damage)
             ... with a wand of lightning
             ... on level 2 of the Dungeon.
             The game lasted 00:04:50 (2267 turns).

tyrion the Magician (Naga Wizard)                   Turns: 2267, Time: 00:04:50

Health: -2/31      AC:  7    Str:  9    XL:     3   Next: 91%
Magic:  4/7        EV: 10    Int: 19    God:
Gold:   70         SH:  0    Dex:  9    Spells: 4 memorised, 1 level left

rFire  . . .     SeeInvis +     p - +1 mace (protect)
rCold  . . .     Gourm    .     a - +0 robe
rNeg   . . .     Faith    .     (no shield)
rPois  +         Spirit   .     b - +0 hat
rElec  .         Dismiss  .     (no cloak)
rCorr  .         Reflect  .     (no gloves)
SustAt .         Harm     .     (no barding)
MR     .....                    (no amulet)
Stlth  ++........               (no ring)
                                (no ring)

@: very slightly contaminated, very slow, not resistant to hostile enchantments,
unstealthy
A: see invisible, deformed body, poison resistance, slowness 2, slow metabolism
1, spit poison 2, AC +1
a: Spit Poison


You were on level 2 of the Dungeon.
You were hungry.

You visited 1 branch of the dungeon, and saw 2 of its levels.

You collected 70 gold pieces.

Inventory:

Hand Weapons
 p - a +1 mace of protection (weapon)
 q - a +0 spear
Armour
 a - a +0 robe (worn)
 b - a +0 hat (worn)
Scrolls
 f - a scroll of teleportation {unknown}
 g - a scroll of recharging {unknown}
 j - a scroll of fear {unknown}
 k - 2 scrolls of enchant weapon {unknown}
 m - a scroll of identify {unknown}
Potions
 h - a potion of flight {unknown}
 i - 2 potions of agility {unknown}
 l - a potion of invisibility {unknown}
 n - a potion of magic {unknown}
 o - 2 potions of degeneration {unknown}
Books
 c - a book of Minor Magic

   Spells                             Type                      Level
   a - Magic Dart                     Conjuration                  1
   b - Blink                          Translocation                2
   c - Call Imp                       Summoning                    2
   d - Repel Missiles                 Charms/Air                   2
   e - Slow                           Hexes                        2
   f - Conjure Flame                  Conjuration/Fire             3
   g - Mephitic Cloud                 Conjuration/Poison/Air       3
Comestibles
 d - 2 bread rations


   Skills:
 + Level 1.2 Fighting
 + Level 2.0 Dodging
 - Level 3.0 Stealth
 + Level 3.2 Spellcasting
 * Level 1.9 Conjurations
 - Level 1.0 Summonings
 - Level 1.0 Translocations
 * Level 1.2 Air Magic


You had one spell level left.
You knew the following spells:

 Your Spells              Type           Power        Failure   Level  Hunger
a - Magic Dart            Conj           ##..         10%         1    None
b - Blink                 Tloc           N/A          17%         2    ##.....
c - Call Imp              Summ           #.......     17%         2    ##.....
d - Repel Missiles        Chrm/Air       #.....       21%         2    ##.....


Dungeon Overview and Level Annotations

Branches:
Dungeon (2/15)

Altars:

Annotations:
D:2 Ijyb


Innate Abilities, Weirdness & Mutations

You cannot wear boots.
Your serpentine skin is tough (AC +1).
You have supernaturally acute eyesight.
Armour fits poorly on your strangely shaped body.
Your system is resistant to poisons.
You cover ground very slowly.
You have a slow metabolism.
You can spit poison.


Message History

Ijyb is nearby!
Ijyb is nearby!
Ijyb is nearby!
Casting: Magic Dart
Confirm with . or Enter, or press ? or * to list all spells.
Aiming: Magic Dart
Press: ? - help, Shift-Dir - straight line, f - Ijyb
Aim: Ijyb, wielding a club and carrying a wand of lightning {zapped: 1} The magic dart hits Ijyb.
Ijyb is lightly wounded.
Ijyb zaps a wand.
The bolt of lightning misses you.
Casting: Magic Dart
Confirm with . or Enter, or press ? or * to list all spells.
You miscast Call Imp.
You are very lightly contaminated with residual magic.
Your brain hurts!
You are feeling hungry.
Ijyb zaps a wand.
The bolt of lightning hits you!
Ouch! That really hurt!
You die...

#......#.#.#.# ##
#####......#.#......#
....'......'.###.#..#
#####.))...### ....#
#......######...#
######......#...#
#............#
#.######.....#g.. #.
#.@.>..... #
#.#.).....
...........
+####.##.... .# ...
## .. .


You could see Ijyb.

Vanquished Creatures
  2 dart slugs (D:1)
  A giant gecko (D:1)
  A ball python (D:1)
  A giant cockroach (D:1)
  9 goblins
  4 hobgoblins (D:1)
  7 jackals (D:1)
  A quokka (D:2)
  5 bats (D:1)
  A giant newt (D:1)
  5 kobolds
  8 rats
45 creatures vanquished.

Notes
Turn   | Place    | Note
--------------------------------------------------------------
     0 | D:1      | tyrion the Naga Wizard began the quest for the Orb.
     0 | D:1      | Reached XP level 1. HP: 15/15 MP: 4/4
   275 | D:1      | Reached XP level 2. HP: 9/22 MP: 0/6
   335 | D:1      | Learned a level 2 spell: Blink
   338 | D:1      | Learned a level 2 spell: Call Imp
   341 | D:1      | Learned a level 2 spell: Repel Missiles
  1096 | D:1      | Reached XP level 3. HP: 19/30 MP: 7/7
  1240 | D:1      | Reached skill level 1 in Air Magic
  1609 | D:1      | Reached skill level 1 in Fighting
  2265 | D:2      | Noticed Ijyb
  2267 | D:2      | Killed from afar by Ijyb

Skill      XL: |  1  2  3 |
---------------+----------+-----
Air Magic      | 1 |  1.2
Dodging        | 2 |  2.0
Fighting       | 1 |  1.2
Stealth        | |  3.0
Spellcasting   | |  3.2
Conjurations   | |  1.9
Summonings     | |  1.0
Translocations | |  1.0

Action                   || total
-------------------------++-------
Melee: Unarmed           ||    15
       Mace              ||    78
 Cast: Magic Dart        ||    66
 Abil: Spit Poison       ||     2
 Stab: Sleeping          ||     3
  Eat: Chunk             ||     2
Armor: Robe              ||    26
Dodge: Dodged            ||    91
